 Dungeon Crawl Stone Soup version 0.27-a0-860-gaf99fae3ca (webtiles) character file.

Game seed: 4785721721942102381

4 mdonais the Chucker (level 1, -1/23 HPs)
             Began as an Ogre Hunter on Apr 2, 2021.
             Slain by a quokka (4 damage)
             ... on level 1 of the Dungeon.
             The game lasted 00:00:44 (101 turns).

mdonais the Chucker (Ogre Hunter)                    Turns: 101, Time: 00:00:45

Health: -1/23      AC:  3    Str: 15    XL:     1   Next: 60%
Magic:  1/1        EV:  9    Int: 12    God:
Gold:   0          SH:  0    Dex:  9    Spells: 0/0 levels left

rFire    . . .     SeeInvis .   a - +0 short sword
rCold    . . .     Faith    .   (no shield)
rNeg     . . .     Spirit   .   b - +0 robe
rPois    .         Reflect  .   (helmet restricted)
rElec    .         Harm     .   (no cloak)
rCorr    .         Rampage  .   (gloves unavailable)
Will     .....                  (boots unavailable)
Stlth    +.........             (no amulet)
HPRegen  0.07/turn              (no ring)
MPRegen  0.07/turn              (no ring)

@: no status effects
A: large, unfitting armour, tough skin 1
a: no special abilities


You were on level 1 of the Dungeon.
You visited 1 branch of the dungeon, and saw 1 of its levels.

Inventory:

Hand Weapons
 a - a +0 short sword (weapon)
Missiles
 w - 3 large rocks (quivered)
 Z - 2 throwing nets {=!f}
Armour
 b - a +0 robe (worn)
Scrolls
 c - 3 scrolls of enchant weapon {unknown}


   Skills:
 + Level 3.2 Fighting
 - Level 4.0 Throwing
 - Level 1.7 Dodging
 - Level 0.6 Stealth


You couldn't memorise any spells.
You didn't know any spells.
Your spell library was empty.

Dungeon Overview and Level Annotations

Branches:
Dungeon (1/15)

Altars:


Innate Abilities, Weirdness & Mutations

You are too large for most types of armour.
You have tough skin. (AC +1)


Message History

Welcome, mdonais the Ogre Hunter.
Will you be the one to retrieve the awesome Orb of Zot from the depths?
Press ? for a list of commands and other information.
A ball python comes into view.
The ball python hisses angrily.
The ball python bites you.
You take 2 damage, and have 20/22 hp.
You hit the ball python.
You kill the ball python!
No target in view!
You start resting.
HP restored.
Health restored: 22 A goblin comes into view.
It is wielding a +0 dagger.
The goblin shouts!
Throw: 5 large rocks
Press: ? - help, Q - select action, (/) - cycle Shift-Dir - straight line, f - goblin
Aim: a goblin, wielding a +0 dagger (50% to hit)
You throw a large rock.
The large rock closely misses the goblin.
You barely miss the goblin. The goblin barely misses you.
The goblin closely misses you.
You hit the goblin.
The goblin is almost dead.
An endoplasm comes into view.
The goblin hits you with a +0 dagger.
You take 1 damage, and have 21/22 hp.
You hit the goblin.
You kill the goblin!
Your Fighting skill increases to level 3!
You hit the endoplasm.
The endoplasm is heavily wounded.
The endoplasm hits you but does no damage.
You hit the endoplasm but do no damage.
The endoplasm is heavily wounded.
The endoplasm hits you but does no damage.
You hit the endoplasm.
The endoplasm is almost dead.
The endoplasm barely misses you.
You hit the endoplasm.
You kill the endoplasm!
No target in view!
c - 3 scrolls labelled LEREMA ADAAS XIO
Things that are here:
a +0 dagger; a goblin corpse Health restored: 23
w - 5 large rocks (gained 1)
A bat comes into view.
The bat moves out of view.
A bat is nearby!
You closely miss the bat. The bat hits you but does no damage.
You completely miss the bat. The bat hits you.
You take 1 damage, and have 22/23 hp.
The bat completely misses you. The bat hits you.
You take 1 damage, and have 21/23 hp.
You barely miss the bat. The bat hits you but does no damage.
The bat hits you but does no damage.
You miss the bat. The bat closely misses you.
The bat hits you but does no damage.
You closely miss the bat. The bat barely misses you.
The bat hits you but does no damage.
You hit the bat.
The bat is moderately wounded.
The bat hits you. The bat barely misses you.
You take 1 damage, and have 21/23 hp.
You miss the bat.
The bat is moderately wounded.
The bat hits you but does no damage.
You hit the bat.
You kill the bat!
No target in view!
No target in view!
You start resting.
HP restored.
Health restored: 23 A quokka comes into view.
The quokka bites you.
You take 3 damage, and have 20/23 hp.
You hit the quokka but do no damage. The quokka bites you.
You take 2 damage, and have 18/23 hp.
You barely miss the quokka. The quokka bites you.
You take 1 damage, and have 17/23 hp.
You hit the quokka.
The quokka is moderately wounded.
The quokka bites you. The quokka misses you.
You take 3 damage, and have 14/23 hp.
You miss the quokka.
The quokka is moderately wounded.
The quokka closely misses you.
You hit the quokka.
The quokka is almost dead.
The quokka barely misses you.
You completely miss the quokka.
The quokka is almost dead.
The quokka bites you. x2
You take 5 damage, and have 9/23 hp.
MASSIVE DAMAGE!!
You are too injured to fight recklessly!
You are too injured to fight recklessly!
You hit the quokka but do no damage.
The quokka is almost dead.
The quokka barely misses you.
You closely miss the quokka.
The quokka is almost dead.
The quokka bites you.
* * * LOW HITPOINT WARNING * * *
You take 4 damage, and have 5/23 hp.
Throw: 5 large rocks
Press: ? - help, Q - select action, (/) - cycle Shift-Dir - straight line, f - quokka
Aim: a quokka (almost dead, 46% to hit)
You throw a large rock.
The large rock closely misses the quokka.
The quokka bites you.
* * * LOW HITPOINT WARNING * * *
The quokka barely misses you.
You take 2 damage, and have 3/23 hp.
Throw: 4 large rocks
Press: ? - help, Q - select action, (/) - cycle Shift-Dir - straight line, f/p - quokka
Aim: a quokka (almost dead, 46% to hit)
You throw a large rock.
The large rock closely misses the quokka.
The quokka bites you but does no damage.
The quokka bites you.
You die...

#.# .# ####.# ..#
..##.# ...
#.##.###.#
#.##.#...#
#.##...# .P..P. P.
#.##..# ♣.PPP...♣P
#...r.# ♣P. PP.♣.♣
♣#.##@## P.. ♣P..P
.P#..#.#
.P.♣♣.♣.♣♣..#†.#.#


PPPPPPP.PP.P#....# #############.#..# ............).#..# #...<...##....##.#
..........†...##..# ###########...##..# You could see a quokka.

Vanquished Creatures
  An endoplasm (D:1)
  A goblin (D:1)
  A ball python (D:1)
  A bat (D:1)
4 creatures vanquished.

Notes
Turn   | Place    | Note
-------+----------+-------------------------------------------
     0 | D:1      | mdonais the Ogre Hunter began the quest for the Orb.
     0 | D:1      | Reached XP level 1. HP: 22/22 MP: 1/1
   101 | D:1      | Slain by a quokka

Illustrated notes

Levels and vault maps discovered:
D:1:      minmay_arrival_arboretum_small, layout_rooms, basic_ecumenical_altar

Skill      XL: |  1 |
---------------+----+-----
Fighting       | 3 |  3.2
Throwing       | |  4.0
Dodging        | |  1.7
Stealth        | |  0.6

Action                   || total
-------------------------++-------
Melee: Short sword       ||    24
Throw: Large rock        ||     3
Armor: Robe              ||     9
Dodge: Dodged            ||    12

Table legend: (Time is in decaauts)
 A = Elapsed time spent in this place.
 B = Non-inter-level travel time spent in this place.
 C = Inter-level travel time spent in this place.
 D = Time resting spent in this place.
 E = Time spent auto-exploring this place.
 F = Levels seen in this place.
 G = Mean time per level.
                   A        B        C        D        E       F      G
               +--------+--------+--------+--------+--------+-----+--------+
         Total |    105 |    105 |      0 |     44 |     11 |   1 |  105.0 |
       Dungeon |    105 |    105 |      0 |     44 |     11 |   1 |  105.0 |
               +--------+--------+--------+--------+--------+-----+--------+

Top non-repeatable levels by time:
     D:1: 105 daAuts
